 Dungeon Crawl Stone Soup version 0.23-a0-241-g3b46b07 (webtiles) character file.

239 PurpleRed the Skirmisher (level 6, 0/64 HPs)
             Began as an Octopode Wanderer on Sept 26, 2018.
             Slain by a centaur (8 damage)
             ... on level 4 of the Dungeon.
             The game lasted 00:10:05 (3585 turns).

PurpleRed the Skirmisher (Octopode Wanderer)        Turns: 3585, Time: 00:10:06

Health: 0/64       AC:  1    Str: 21    XL:     6   Next: 7%
Magic:  10/10      EV: 13    Int: 16    God:
Gold:   152        SH:  0    Dex: 10    Spells: 6/11 levels left

rFire    . . .     SeeInvis .   j - +4 quarterstaff (chaos)
rCold    . . .     Gourm    .   (shield currently unavailable)
rNeg     . . .     Faith    .   (helmet restricted)
rPois    .         Spirit   .   m - amulet of rage
rElec    .         Reflect  .   p - +3 ring of intelligence
rCorr    .         Harm     .   (no ring)
MR       .....                  (no ring)
Stlth    ..........             (no ring)
HPRegen  0.20/turn              (no ring)
MPRegen  0.12/turn              (no ring)
                                (no ring)
                                (no ring)

@: berserking, very quick
A: almost no armour, stealthy swim, amphibious, 8 rings, constrict 8, camouflage
1, gelatinous body 1
a: Evoke Berserk Rage


You were on level 4 of the Dungeon.
You were very hungry.

You visited 1 branch of the dungeon, and saw 4 of its levels.

You collected 152 gold pieces.

Inventory:

Hand Weapons
 d - a +0 club
 g - a +1 whip of venom
 j - a +4 quarterstaff of chaos (weapon)
 k - a +3 dagger
 o - a +2 hand axe of flaming
Jewellery
 m - an amulet of rage (around mantle)
 p - a +3 ring of intelligence (left tentacle)
Scrolls
 b - a scroll of fog
 c - 5 scrolls of teleportation
 e - a scroll of remove curse
 h - a scroll of identify
Potions
 a - a potion of brilliance
 i - 2 potions of magic
 l - a potion of mutation
 q - a potion of cancellation
 r - a potion of curing
Comestibles
 f - 10 rations
 n - 5 chunks of flesh


   Skills:
 - Level 4.1 Fighting
 + Level 2.7 Dodging
   Level 2.0 Shields
 - Level 3.0 Spellcasting
   Level 1.0 Conjurations
   Level 1.0 Hexes
 - Level 3.0 Translocations
 + Level 2.3 Evocations


You had 6 spell levels left.
You knew the following spells:

 Your Spells              Type           Power        Failure   Level  Hunger
a - Shroud of Golubria    Chrm/Tloc      #.........   16%         2    ##.....
b - Vampiric Draining     Necr           #.........   50%         3    ###....

Your spell library contained the following spells:

 Spells                   Type           Power        Failure   Level  Hunger
 Blink                    Tloc           N/A          9%          2    ##.....
 Gell's Gravitas          Tloc           ##........   16%         3    ###....
 Lesser Beckoning         Tloc           ##........   16%         3    ###....
 Teleport Other           Tloc           ##......     16%         3    ###....
 Animate Skeleton         Necr           N/A          19%         1    #......
 Passage of Golubria      Tloc           N/A          47%         4    #####..


Dungeon Overview and Level Annotations

Branches:
Dungeon (4/15)
 Temple: D:4-7

Altars:
Ashenzari
Trog

Shops:
D:4 (


Innate Abilities, Weirdness & Mutations

You cannot wear most types of armour.
You are very stealthy in the water. (Stealth+)
You are amphibious.
You can wear up to eight rings at the same time.
You can use your tentacles to constrict eight enemies at once.
Your skin changes colour to match your surroundings (Stealth+).
Your rubbery body absorbs attacks. (AC +1, EV +1)


Message History

The centaur hits you but does no damage.
The hound barks!
You thump the centaur!
The centaur seems to speed up.
The centaur is moderately wounded.
The centaur hits you! The centaur misses you.
The leopard gecko hisses menacingly.
The centaur completely misses you.
You barely miss the centaur.
The centaur is moderately wounded.
The centaur hits you. The leopard gecko closely misses you.
The centaur closely misses you. The centaur hits you!
The leopard gecko bites you.
* * * LOW HITPOINT WARNING * * *
A red film seems to cover your vision as you go berserk!
You feel yourself moving faster!
You feel mighty!
You are feeling very hungry.
The centaur hits you!
* * * LOW HITPOINT WARNING * * *
The centaur hits you!
You die...

#......# #......#
#...... #.....
##.%.. #### ....
.....
####.##......
##...(@lh.....
#####..#..#c......
.l........#...>...
#
####...###.......
.. #..## .......
..### #..# #....##
#..<.##.### ....#
#......## ....+
###...#..##.


You could see a centaur, a hound and a leopard gecko.

Vanquished Creatures
  A hound (D:4)
  Crazy Yiuf (D:2)
  Terence (D:2)
  An iguana (D:4)
  4 adders
  2 adder skeletons (D:4)
  2 dart slugs (D:1)
  A leopard gecko (D:3)
  13 orcs
  A ball python (D:2)
  3 giant cockroaches
  4 goblins
  9 hobgoblins
  4 jackals (D:4)
  2 quokkas (D:3)
  10 bats
  4 frilled lizards
  5 kobolds
  4 rats
72 creatures vanquished.

Notes
Turn   | Place    | Note
-------+----------+-------------------------------------------
     0 | D:1      | PurpleRed the Octopode Wanderer began the quest for the
                  | Orb.
     0 | D:1      | PurpleRed set off with: a scroll of teleportation, a +0
                  | club, a ration
     0 | D:1      | Reached XP level 1. HP: 11/11 MP: 4/4
   286 | D:1      | Reached skill level 1 in Fighting
   317 | D:1      | Reached XP level 2. HP: 18/18 MP: 6/6
   592 | D:1      | Reached skill level 2 in Fighting
  1085 | D:2      | Reached XP level 3. HP: 16/25 MP: 7/7
  1447 | D:2      | Found a bloodstained altar of Trog.
  1544 | D:2      | Found a runed door.
  1604 | D:2      | Reached skill level 3 in Fighting
  1659 | D:2      | Noticed Terence
  1666 | D:2      | Killed Terence
  1666 | D:2      | Reached XP level 4. HP: 23/32 MP: 8/8
  1988 | D:2      | Noticed Crazy Yiuf
  2007 | D:2      | Killed Crazy Yiuf
  2007 | D:2      | Reached skill level 4 in Fighting
  2289 | D:3      | Found a shattered altar of Ashenzari.
  2302 | D:3      | Reached skill level 1 in Dodging
  2302 | D:3      | Reached XP level 5. HP: 37/37 MP: 9/9
  2844 | D:3      | Reached skill level 1 in Evocations
  2893 | D:3      | Found a faded altar of an unknown god.
  3350 | D:4      | Learned a level 2 spell: Shroud of Golubria
  3354 | D:4      | Learned a level 3 spell: Vampiric Draining
  3434 | D:4      | Found Missar's Weapon Shop.
  3528 | D:4      | Reached XP level 6. HP: 35/43 MP: 10/10
  3585 | D:4      | Slain by a centaur

Vault maps used:
D:1:      dpeg_arrival_boxes_within_box
D:2:      lightli_temple_of_fire, uniq_terence, uniq_crazy_yiuf_cottage
D:3:      corexii_shack_village, chequers_ecumenical_altar_island, st_stairs_2,
          ashenzari_altar_1
D:4:      enter_ossuary_2, first_ration, serial_shops, shop,
          roderic_serpentine_path, lightli_corner_chamber, uniq_sigmund

Skill      XL: |  1  2  3  4  5 |
---------------+----------------+-----
Fighting       | 1 2 3 4 |  4.1
Dodging        | 1 2 |  2.7
Evocations     | 2 |  2.3
Shields        | |  2.0
Spellcasting   | |  3.0
Conjurations   | |  1.0
Hexes          | |  1.0
Translocations | |  3.0

Action                   |  1- 3 |  4- 6 || total
-------------------------+-------+-------++-------
Melee: Club              |    16 |       ||    16
       Constrict         |    15 |    22 ||    37
       Tentacles         |     8 |    17 ||    25
       Whip              |    33 |     9 ||    42
       Quarterstaff      |       |    70 ||    70
 Abil: Evoke Berserk Rag |       |     2 ||     2
  Use: Scroll            |     7 |     3 ||    10
 Stab: Sleeping          |     7 |    10 ||    17
  Eat: Chunk             |     2 |     7 ||     9
Armor: Skin              |     1 |     7 ||     8
Dodge: Dodged            |    20 |    53 ||    73

Table legend:
 A = Non-vault XP
 B = Vault XP
 C = Vault XP percentage of total XP
 D = Non-vault monster count
 E = Vault monster count
 F = Vault count percentage of total count
                 A         B        C        D         E       F
            +---------+---------+-------+---------+---------+-------
      Total |     243 |      99 |  28.9 |      60 |      12 |  16.7
            +---------+---------+-------+---------+---------+-------
        D:1 |      30 |       0 |   0.0 |      18 |       0 |   0.0
        D:2 |      29 |      76 |  72.4 |      11 |       2 |  15.4
        D:3 |      72 |      23 |  24.2 |      18 |      10 |  35.7
        D:4 |     112 |       0 |   0.0 |      13 |       0 |   0.0
            +---------+---------+-------+---------+---------+-------
